 Dungeon Crawl Stone Soup version 0.31.0-32-g396128a36d (webtiles) character file.

Game seed: 1565866583217716225

4027 spaghetti the Fighter (level 10, 0/107 HPs)
             Began as an Oni Chaos Knight on Mar 16, 2024.
             Was a Plaything of Xom.
             Slain by a polar bear (13 damage)
             ... on level 9 of the Dungeon.
             The game lasted 00:13:03 (8671 turns).

spaghetti the Fighter (Oni Chaos Knight)            Turns: 8671, Time: 00:13:04

Health: 0/107      AC:  4    Str: 22    XL:     10   Next: 24%
Magic:  20/20      EV: 11    Int: 13    God:    Xom [...*..]
Gold:   491        SH:  0    Dex: 10    Spells: 13/22 levels left

rFire   . . .        u - +2 short sword (vamp)
rCold   . . .        (no shield)
rNeg    . . .        r - +0 troll leather armour
rPois   .            (helmet restricted)
rElec   .            (no cloak)
rCorr   .            (gloves unavailable)
SInv    .            (boots unavailable)
Will    +....        m - amulet "Gyrutejeat" {RegenMP +Blink}
Stlth   +            f - ring of flight
HPRegen 1.17/turn    k - +6 ring of strength
MPRegen 0.57/turn

%: no passive effects
@: flying
A: large, unfitting armour, horns 1, tough skin 1, double potion healing,
drunken brawling, hooves 1, clumsy 1, sense surroundings 2, weak 1, subdued
magic 1, inability to read after injury 1
a: Renounce Religion, Evoke Blink


You were on level 9 of the Dungeon.
You worshipped Xom.
You were a favourite toy of Xom.
You visited 1 branch of the dungeon, and saw 9 of its levels.

You collected 491 gold pieces.

Inventory:

Hand Weapons
 l - a +0 giant spiked club
 u - a +2 vampiric short sword (weapon)
Missiles
 a - 38 stones
 v - 12 poisoned darts (quivered)
Armour
 b - a +2 robe
 r - a +0 troll leather armour (worn)
Magical Staves
 c - a staff of death
Jewellery
 f - a ring of flight (left hand)
 g - a ring of resist corrosion
 k - a +6 ring of strength (right hand)
 m - the amulet "Gyrutejeat" (around neck) {RegenMP +Blink}
   (Xom gifted it to you on level 4 of the Dungeon)

   [amulet of magic regeneration]

   RegenMP:   It increases your rate of magic regeneration.
   +Blink:    It lets you blink.
Wands
 q - a wand of flame (1)
 w - a wand of digging (2)
Scrolls
 d - 2 scrolls of enchant armour
 i - a scroll of fog
 j - a scroll of brand weapon
 n - 2 scrolls of noise
 o - 2 scrolls of identify
 s - 2 scrolls of amnesia {unknown}
 x - a scroll of blinking {unknown}
Potions
 e - a potion of invisibility
 h - a potion of enlightenment {unknown}
 p - 2 potions of curing
 t - 2 potions of magic


   Skills:
 + Level 9.5 Fighting
 - Level 2.6 Long Blades
 + Level 2.5 Throwing
 + Level 6.3 Dodging
 + Level 6.7 Spellcasting
 - Level 5.0 Summonings
 + Level 5.2 Ice Magic
 + Level 2.5 Alchemy


You had 13 spell levels left.
You knew the following spells:

 Your Spells              Type           Power      Damage    Failure   Level
a - Summon Ice Beast      Ice/Summ       13%        N/A       5%          3
b - Sculpt Simulacrum     Ice/Alch       5%         N/A       99%         6

Your spell library contained the following spells:

 Spells                   Type           Power      Damage    Failure   Level
 Freeze                   Ice            52%        1d6       1%          1
 Frozen Ramparts          Ice            26%        1d4       4%          3
 Shock                    Conj/Air       12%        1d3       16%         1
 Hailstorm                Conj/Ice       8%         3d5       16%         3
 Swiftness                Air            3%         N/A       43%         3
 Airstrike                Air            1%         2d(1-17)  85%         4


Dungeon Overview and Level Annotations

Branches:
Dungeon (9/15)             Temple (0/1) D:4
   Lair: D:8-11         Orc: D:9-12

Altars:
Ashenzari
Cheibriados
Dithmenos
Gozag
Sif Muna
Xom
Yredelemnul

Shops:
D:6 (*

Annotations:
D:5 3 runed translucent doors, Zeo's ghost, amateur SpBr


Innate Abilities, Weirdness & Mutations

You are too large for most types of armour.
You have a pair of small horns on your head.
You have tough skin. (AC +1)
You gain doubled healing and magic from potions.
Whenever you drink a healing potion, you attack all around you.
You have large cloven feet.
You are clumsy. (Dex -2)
You passively map the area around you.
You are weak. (Str -2)
Your spells are a little easier to cast, but a little less powerful.
You occasionally lose the ability to read scrolls when taking damage.


Message History

The polar bear closely misses you.
Aiming: Throw Flame
Press: ? - help, Shift-Dir - straight line, f/p - polar bear
Aim: a polar bear (steam, water, heavily wounded, 77% to hit)
The puff of flame hits the polar bear but does no damage.
The polar bear is heavily wounded.
The polar bear bites you. The polar bear claws you. x2
Aiming: Throw Flame
Press: ? - help, Shift-Dir - straight line, f/p - polar bear
Aim: a polar bear (steam, water, heavily wounded, 77% to hit)
The puff of flame hits the polar bear.
The polar bear is severely wounded.
The polar bear is engulfed in a cloud of scalding steam.
The polar bear goes berserk!
Xom is amused.
Aiming: Throw Flame
Press: ? - help, Shift-Dir - straight line, f/p - polar bear
Aim: a polar bear (steam, water, severely wounded, berserk, 77% to hit)
The puff of flame misses the polar bear.
The polar bear bites you!! The polar bear claws you. x2
Aiming: Throw Flame
Press: ? - help, Shift-Dir - straight line, f/p - polar bear
Aim: a polar bear (steam, water, severely wounded, berserk, 77% to hit)
The puff of flame hits the polar bear.
The polar bear is almost dead.
The polar bear is engulfed in a cloud of scalding steam.
The polar bear bites you!! The polar bear claws you.
The polar bear claws you but does no damage.
The polar bear is engulfed in a cloud of scalding steam.
The polar bear bites you!!
* * * LOW HITPOINT WARNING * * *
The polar bear barely misses you. The polar bear completely misses you.
Aiming: Throw Flame
Press: ? - help, Shift-Dir - straight line, f/p - polar bear
Aim: a polar bear (water, almost dead, berserk, 77% to hit)
The puff of flame hits the polar bear.
The polar bear is almost dead.
The polar bear is engulfed in a cloud of scalding steam.
The polar bear bites you!
You die...

,* , ,** .# .. , * *
* .# ##.., , , *
.##..# , , * ,
###.≈§≈#.. * * ,
.##≈≈≈§§§#.# ≈≈≈ * ,
,,
..≈≈≈≈≈≈§#.#~≈≈≈≈S~*
#.≈≈≈§h§#.#≈≈≈≈≈ *
*, #≈@~..#≈~≈#** , Y
##..#.#..# , , *
##.....#* ,, ,
#.....# , * ##...##
** ##..## #...#
#..## #..#


You could see a polar bear (berserk).

Vanquished Creatures
  A two-headed ogre (D:8)
  Pikel (D:4)
  An acid dragon (D:8)
  An orc warrior (D:8)
  A sky beast (D:6)
  4 ice beasts
  An ogre (D:4)
  3 centaurs
  A phantom (D:6)
  2 kobold brigands (D:7)
  A gnoll sergeant (D:7)
  A bullfrog (D:7)
  6 scorpions
  A killer bee (D:7)
  A gnoll bouda (D:4)
  2 orc priests
  2 jellies
  2 bombardier beetles
  3 hounds
  8 iguanas
  2 orc wizards
  13 gnolls
  8 adders
  4 river rats (D:6)
  3 white imps
  A dart slug (D:2)
  4 ribbon worms
  18 orcs
  7 bats
  9 endoplasms
  8 giant cockroaches
  5 hobgoblins
  9 jackals
  23 kobolds
  7 quokkas
  7 ball pythons
  3 frilled lizards
  5 goblins
  10 rats
189 creatures vanquished.

Vanquished Creatures (collateral kills)
  A black bear (D:8)
  A kobold brigand (D:8)
  2 wights (D:8)
  A gnoll bouda (D:8)
  An iguana (D:5)
  2 gnolls (D:8)
  2 orcs (D:7)
  3 kobolds (D:8)
13 creatures vanquished.

Grand Total: 202 creatures vanquished

Notes
Turn   | Place    | Note
-------+----------+-------------------------------------------
     0 | D:1      | spaghetti the Oni Chaos Knight began the quest for the Orb.
     0 | D:1      | Reached XP level 1. HP: 24/24 MP: 1/1
    56 | D:1      | Found a faded altar of an unknown god.
    97 | D:1      | XOM: silly message
   156 | D:1      | Reached XP level 2. HP: 31/33 MP: 2/2
   221 | D:1      | XOM: silly message
   449 | D:1      | XOM: silly message
   491 | D:1      | Reached XP level 3. HP: 37/40 MP: 3/3
   733 | D:2      | Found a snail-covered altar of Cheibriados.
   915 | D:2      | Reached skill level 5 in Fighting
   988 | D:2      | Reached skill level 1 in Spellcasting
  1006 | D:2      | Reached XP level 4. HP: 42/50 MP: 4/6
  1595 | D:2      | Learned a level 3 spell: Summon Ice Beast
  1757 | D:3      | Reached XP level 5. HP: 57/57 MP: 7/7
  1813 | D:3      | XOM: potion effect (haste)
  2127 | D:3      | XOM: 3-stop teleportation journey
  2400 | D:4      | Found a broken altar of Ashenzari.
  2456 | D:4      | Reached skill level 1 in Summonings
  2456 | D:4      | Reached skill level 1 in Ice Magic
  2532 | D:4      | Gained mutation: Armour fits poorly on your strangely
                  | shaped body. [potion of mutation]
  2532 | D:4      | Gained mutation: You have hidden genetic defects. [potion
                  | of mutation]
  2532 | D:4      | Gained mutation: Your muscles are strong. (Str +4, Int/Dex
                  | -1) [potion of mutation]
  2645 | D:4      | Noticed a lemure
  2645 | D:4      | Noticed a lemure
  2646 | D:4      | Noticed Pikel
  2646 | D:4      | Noticed a lemure
  2646 | D:4      | Noticed a lemure
  2672 | D:4      | XOM: scenery: create altars
  2680 | D:4      | Killed Pikel
  2681 | D:4      | Reached skill level 6 in Fighting
  2681 | D:4      | Reached XP level 6. HP: 39/68 MP: 8/11
  2681 | D:4      | Reached XP level 7. HP: 43/76 MP: 8/12
  2695 | D:4      | Gained mutation: You have terrible hidden genetic defects.
                  | [hidden defects]
  2813 | D:4      | XOM: scenery: create altars
  2959 | D:5      | Entered Level 5 of the Dungeon
  2964 | D:5      | XOM: confuse monster(s)
  3559 | D:5      | Learned a level 6 spell: Sculpt Simulacrum
  3570 | D:5      | Gained mutation: You are dopey. (Int -2) [hidden defects]
  3570 | D:5      | Lost mutation: You have terrible hidden genetic defects.
                  | [hidden defects expressed]
  3850 | D:5      | Reached skill level 7 in Fighting
  3850 | D:5      | Reached XP level 8. HP: 70/87 MP: 12/14
  3862 | D:5      | Gained mutation: You are vulnerable to heat. (rF-) [hidden
                  | defects]
  3923 | D:5      | XOM: 2-stop teleportation journey
  4153 | D:5      | XOM: give mutations
  4153 | D:5      | Lost mutation: You are vulnerable to heat. (rF-) [Xom's
                  | mischief]
  4153 | D:5      | Gained mutation: You have sharp toenails. [Xom's mischief]
  4153 | D:5      | Lost mutation: You have sharp toenails. [Xom's mischief]
  4296 | D:5      | Gained mutation: You occasionally lose the ability to read
                  | scrolls when taking damage. [hidden defects]
  4296 | D:5      | Lost mutation: You have hidden genetic defects. [hidden
                  | defects expressed]
  4376 | D:5      | Found a runed translucent gate.
  4376 | D:5      | Found a runed translucent gate.
  4377 | D:5      | Found a runed translucent gate.
  4483 | D:5      | Noticed Zeo's ghost (amateur SpBr)
  4494 | D:5      | XOM: give mutations
  4494 | D:5      | Lost mutation: Armour fits poorly on your strangely shaped
                  | body. [Xom's mischief]
  4494 | D:5      | Lost mutation: Your muscles are strong. (Str +4, Int/Dex
                  | -1) [Xom's mischief]
  4494 | D:5      | Gained mutation: You are weak. (Str -2) [Xom's mischief]
  4568 | D:4      | Found a staircase to the Ecumenical Temple.
  4654 | D:4      | XOM: blink monster(s)
  4811 | D:4      | XOM: give mutations
  4811 | D:4      | Gained mutation: You are strong-willed. (Will+) [Xom's
                  | mischief]
  4811 | D:4      | Gained mutation: Your spells are a little easier to cast,
                  | but a little less powerful. [Xom's mischief]
  4811 | D:4      | Gained mutation: Your body sometimes deteriorates upon
                  | taking damage. [Xom's mischief]
  4839 | D:4      | Identified the amulet "Gyrutejeat" {RegenMP +Blink} (Xom
                  | gifted it to you on level 4 of the Dungeon)
  4839 | D:4      | XOM: god gift: amulet "Gyrutejeat" {RegenMP +Blink}
  4992 | D:4      | XOM: give mutations
  4992 | D:4      | Gained mutation: You have supernaturally acute eyesight.
                  | (SInv) [Xom's grace]
  4992 | D:4      | Gained mutation: You passively map a small area around you.
                  | [Xom's grace]
  4992 | D:4      | Gained mutation: Your system is resistant to poisons.
                  | (rPois) [Xom's grace]
  4992 | D:4      | Lost mutation: You are dopey. (Int -2) [Xom's grace]
  5033 | D:4      | XOM: divination: magic mapping
  5189 | D:6      | Reached skill level 5 in Dodging
  5213 | D:6      | XOM: 3-stop teleportation journey
  5378 | D:6      | XOM: confuse monster(s)
  5437 | D:6      | Found a shimmering blue altar of Sif Muna.
  5531 | D:6      | XOM: blink monster(s)
  5537 | D:6      | Reached skill level 5 in Spellcasting
  5543 | D:6      | XOM: chaos upgrade
  5679 | D:6      | XOM: summons 1 hostile demon
  5755 | D:6      | XOM: god gift: large glass ring {god gift}
  5796 | D:6      | Found an opulent altar of Gozag.
  5800 | D:6      | Found Gozag's Platinum Reserve.
  5826 | D:6      | Reached skill level 8 in Fighting
  5846 | D:6      | XOM: swap monsters
  5864 | D:6      | XOM: repel stairs
  5872 | D:6      | Reached XP level 9. HP: 81/96 MP: 16/16
  5872 | D:6      | XOM: divination: detect items
  6079 | D:6      | XOM: smoke on damage
  6181 | D:6      | Found Citt's Weapon Emporium.
  6769 | D:7      | XOM: confusion (+ monsters)
  6822 | D:7      | Found a basalt altar of Yredelemnul.
  6941 | D:7      | XOM: enchant monster (bad)
  6945 | D:7      | Lost mutation: You have supernaturally acute eyesight.
                  | (SInv) [potion of mutation]
  6945 | D:7      | Lost mutation: You are strong-willed. (Will+) [potion of
                  | mutation]
  6945 | D:7      | Lost mutation: Your body sometimes deteriorates upon taking
                  | damage. [potion of mutation]
  6945 | D:7      | Gained mutation: You are clumsy. (Dex -2) [potion of
                  | mutation]
  6945 | D:7      | Lost mutation: Your system is resistant to poisons. (rPois)
                  | [potion of mutation]
  6945 | D:7      | Gained mutation: You passively map the area around you.
                  | [potion of mutation]
  6945 | D:7      | Gained mutation: You have large cloven feet. [potion of
                  | mutation]
  7110 | D:7      | XOM: 4-stop teleportation journey
  7179 | D:7      | Reached skill level 1 in Alchemy
  7215 | D:7      | Noticed a troll
  7222 | D:7      | XOM: enchant monster (good)
  7247 | D:7      | a troll changed into a killer bee
  7247 | D:7      | XOM: polymorph troll -> killer bee
  7248 | D:7      | XOM: confuse monster(s)
  7407 | D:7      | XOM: god gift: fuming cyan potion {god gift}
  7454 | D:7      | XOM: enchant monster (good)
  7536 | D:7      | Found a shadowy altar of Dithmenos.
  7618 | D:7      | XOM: divination: detect creatures
  7707 | D:7      | XOM: god gift: 4 stones
  7725 | D:7      | XOM: polymorph ice beast -> culicivora
  7966 | D:8      | XOM: butterfly on damage
  7967 | D:8      | HP: 4/97 [acid dragon/splash of acid (21)]
  7968 | D:8      | XOM: potion effect (magic)
  7972 | D:8      | Reached skill level 9 in Fighting
  8082 | D:8      | XOM: summons friendly shadow imp
  8090 | D:8      | Reached skill level 1 in Throwing
  8107 | D:8      | XOM: summons friendly white imp
  8350 | D:8      | Reached XP level 10. HP: 48/107 MP: 19/19
  8483 | D:8      | Noticed a two-headed ogre
  8483 | D:8      | XOM: summons friendly white imp
  8487 | D:8      | XOM: enchant monster (good)
  8490 | D:8      | Reached skill level 5 in Summonings
  8494 | D:8      | Reached skill level 5 in Ice Magic
  8515 | D:8      | Killed a two-headed ogre
  8665 | D:9      | XOM: divination: detect creatures
  8671 | D:9      | Slain by a polar bear

Illustrated notes

Levels and vault maps discovered:
D:1:      minmay_arrival_hallway, layout_rooms, serial_forest,
          infiniplex_forest_lined_4_way, infiniplex_forest_side_room,
          infiniplex_forest_straight_1, infiniplex_forest_fountain,
          shapermc_ecumenical_altar_mp_ritualfount,
          amcnicky_mini_corridor_feature, nrook_loot_triangle,
          serial_bayou_ford_a
D:2:      layout_basic, basic_altar, kennysheep_generic_room_13
D:3:      layout_basic, minmay_joined_circles
D:4:      layout_cave_pools, ashenzari_altar_1, minmay_temple_entry_fiery,
          uniq_pikel
D:5:      layout_loops_ring, gammafunk_ghost_necromancy
D:6:      layout_cave_pools, nicolae_gozag_zags_fifth_avenue,
          mainiacjoe_overflow_catwalk, lightli_sewer_entry_pipes, serial_shops,
          nicolae_shop_bloodbath_and_beyond, minmay_fractal_squares_gapless_5
D:7:      wad_crossroads, layout_basic, nicolae_overflow_crystal_walls,
          mainiacjoe_overflow_alcove_1
D:8:      layout_basic, chequers_serial_rivers_large_a,
          eino_small_chamber_without_monster
D:9:      statuecave_lemuel, layout_loops_ring, nicolae_overflow_two_pavilions,
          david_orc_1_choice, serial_ice, serial_ice_l, serial_ice_o,
          serial_ice_g, serial_ice_b, serial_ice_n, serial_ice_h, serial_ice_e,
          uniq_psyche

Skill      XL: |  1  2  3  4  5  6  7  8  9 10 |
---------------+-------------------------------+-----
Fighting       | 5 6 7 8 9 |  9.5
Spellcasting   | 1 3 4 5 6 |  6.7
Dodging        | 3 4 5 6 |  6.3
Summonings     | 2 3 4 5 |  5.0
Ice Magic      | 2 3 4 5 |  5.2
Alchemy        | 2 |  2.5
Throwing       | 1 2 |  2.5
Long Blades    | |  2.6

Action                     |  1- 3 |  4- 6 |  7- 9 | 10-12 || total
---------------------------+-------+-------+-------+-------++-------
  Melee: Falchion          |   119 |    20 |       |       ||   139
         Headbutt          |    14 |    23 |   115 |     3 ||   155
         Dagger            |       |   133 |   366 |       ||   499
         Punch             |       |     1 |    11 |       ||    12
         Short sword       |       |       |   227 |     7 ||   234
         Kick              |       |       |    54 |     2 ||    56
  Throw: Dart              |       |       |     4 |     2 ||     6
   Cast: Summon Ice Beast  |       |       |     4 |       ||     4
  Evoke: Wand              |       |       |    18 |    17 ||    35
    Use: Scroll            |     3 |     1 |    10 |       ||    14
         Potion            |     2 |     7 |    13 |       ||    22
   Stab: Invisible         |       |       |     1 |       ||     1
         Petrified         |       |       |     1 |       ||     1
 Armour: Robe              |   110 |    77 |   287 |       ||   474
         Skin              |       |    90 |    67 |       ||   157
         Troll leather arm |       |       |   147 |    27 ||   174
  Dodge: Dodged            |    70 |    53 |   306 |    10 ||   439
